 Dungeon Sprint DCSS version 0.28.0-43-g3370ac3207 (webtiles) character file.

Game seed: 8158898715716446896

34923 boopmooplesden the Executioner (level 12, -6/137 HPs)
             Began as a Minotaur Berserker on Mar 13, 2022.
             Was the Champion of Trog.
             Mangled by a seven-headed hydra (11 damage)
             ... in the Dungeon (Sprint III: "The Ten Rune Challenge").
             The game lasted 00:11:36 (5111 turns).

boopmooplesden the Executioner (Minotaur Berserker) Turns: 5111, Time: 00:11:38

Health: -6/137     AC: 20    Str: 28    XL:     12   Next: 58%
Magic:  11/11      EV: 12    Int:  4    God:    Trog [******]
Gold:   1246       SH:  0    Dex: 12    Spells: 11/11 levels left

rFire   . . .      SeeInvis +   x - +1 battleaxe (flame)
rCold   . . .      Faith    .   (shield currently unavailable)
rNeg    . . .      Spirit   .   u - +1 plate armour of Makhleb's Hope {Str+3}
rPois   .          Reflect  .   A - +1 hat {SInv}
rElec   .          Harm     .   (no cloak)
rCorr   .          Rampage  .   (no gloves)
Will    .....      NoTele   +   q - +0 pair of boots
Stlth   ..........              (no amulet)
HPRegen 0.32/turn               (no ring)
MPRegen 0.12/turn               (no ring)

@: on berserk cooldown, hasted and slowed
A: horns 2, retaliatory headbutt
}: 1/10 runes: serpentine
a: Renounce Religion, Berserk, Trog's Hand, Brothers in Arms


You were in the Dungeon.
You worshipped Trog.
Trog was exalted by your worship.
You visited 1 branch You collected 1700 gold pieces.
You spent 454 gold pieces at shops.

Inventory:

Hand Weapons
 a - a +0 hand axe
 p - a +1 long sword of holy wrath
 s - a +1 antimagic hand axe
 v - a +3 vorpal executioner's axe
 w - a +6 vorpal battleaxe
 x - a +1 battleaxe of flaming (weapon)
 y - a +4 double sword
 B - a +0 vorpal executioner's axe
 E - a +1 battleaxe
Missiles
 z - 6 javelins (quivered)
Armour
 b - a +0 animal skin
 q - a +0 pair of boots (worn)
 u - the +1 plate armour of Makhleb's Hope (worn) {Str+3}
   (You bought it in a shop in the Dungeon)

   Str:       It affects your strength (+3).
 A - a +1 hat of see invisible (worn)
Wands
 r - a wand of flame (8)
Scrolls
 i - a scroll of torment {unknown}
 j - a scroll of identify {unknown}
 m - a scroll of holy word {unknown}
 n - a scroll of brand weapon {unknown}
Potions
 c - 3 potions of mutation {unknown}
 f - 3 potions of magic
 g - a potion of berserk rage
 k - 2 potions of degeneration {unknown}
 l - 2 potions of flight
 o - 2 potions of might
 C - 2 potions of invisibility {unknown}
 D - a potion of lignification {unknown}
Miscellaneous
 t - a box of beasts


   Skills:
 + Level 21.9 Fighting
 + Level 25.2 Axes
 + Level 15.3 Armour
 + Level 11.6 Dodging
 + Level 4.0 Stealth


You had 11 spell levels left.
You didn't know any spells.
Your spell library was empty.

Dungeon Overview and Level Annotations

Branches:
Dungeon (1/1)

Altars:
Cheibriados
Dithmenos
Elyvilon
Fedhas
Gozag
Hepliaklqana
Kikubaaqudgha
Makhleb
Nemelex Xobeh
Okawaru
Qazlal
Ru
Sif Muna
Trog
Uskayaw
Vehumet
Wu Jian
Xom
Yredelemnul
Zin
The Shining One
Beogh
Jiyva
Lugonu

Shops:
D :(!*


Innate Abilities, Weirdness & Mutations

You have a pair of horns on your head.
You reflexively headbutt those who attack you in melee.


Message History

The seven-headed hydra bites you but does no damage.
The seven-headed hydra barely misses you.
The seven-headed hydra completely misses you.
The seven-headed hydra bites you but does no damage.
The seven-headed hydra barely misses you.
Unknown command.
You barely miss the seven-headed hydra.
The seven-headed hydra is moderately wounded.
The seven-headed hydra closely misses you.
The seven-headed hydra bites you.
* * * LOW HITPOINT WARNING * * *
The seven-headed hydra barely misses you.
The seven-headed hydra misses you.
The seven-headed hydra bites you but does no damage. x3
You feel much better.
The seven-headed hydra bites you but does no damage. x2
The seven-headed hydra bites you. x2
The seven-headed hydra bites you but does no damage.
The seven-headed hydra bites you! The seven-headed hydra bites you. x2
* * * LOW HITPOINT WARNING * * *
The seven-headed hydra barely misses you.
The seven-headed hydra bites you.
* * * LOW HITPOINT WARNING * * *
The seven-headed hydra bites you.
* * * LOW HITPOINT WARNING * * *
The seven-headed hydra bites you but does no damage.
The seven-headed hydra closely misses you. x2
You feel yourself speed up.
The seven-headed hydra bites you but does no damage. x2
The seven-headed hydra bites you.
* * * LOW HITPOINT WARNING * * *
The seven-headed hydra bites you!
* * * LOW HITPOINT WARNING * * *
The seven-headed hydra bites you!
* * * LOW HITPOINT WARNING * * *
The seven-headed hydra bites you.
* * * LOW HITPOINT WARNING * * *
The seven-headed hydra completely misses you.
The seven-headed hydra bites you!
You die...

.....#)::#__#...'##.#.#.##)#.)##.
.....#___#__'...#)..#..#..##..'^.
▓▓▓▓▓▓▓▓▓▓▓▓▓▓▓▓▓▓▓▓▓▓▓▓▓▓▓▓▓▓#.^
≈≈♣♣.....♣♣♣♣≈≈≈........≈≈≈...#.^
≈≈♣♣.≈≈≈≈)♣♣'♣≈≈≈≈≈≈≈≈≈≈≈≈♣♣P.'..
≈..'.....#.≈♣♣♣♣♣♣♣♣♣♣♣♣♣♣♣♣PP#^.
≈≈♣♣♣♣♣♣♣#.)♣♣ ♣♣♣##+ ≈≈♣
###'♣♣♣♣♣♣♣♣♣♣♣♣♣♣♣ ####♣
♣♣♣♣.##.@##≈≈≈≈≈≈..# ....♣♣
♣...##.##D#≈≈≈≈≈...# ####'♣
♣♣.##.##†##'≈≈≈≈≈### .....♣
♣..#.##..D#≈≈D.°°○§ ######♣♣
♣♣.##.##.[#≈..+#### .......♣
♣♣.##.#####...# .......♣ ♣.....#
....# ###)############ #####
#...........##


You could see a seven-headed hydra.

Vanquished Creatures
  Rupert (D)
  Gastronok (D)
  A nagaraja (D)
  2 dire elephants (D)
  Erolcha (D)
  A naga warrior (D)
  A hydra (D)
  An anaconda (D)
  4 death yaks (D)
  Urug (D)
  A lindwurm (D)
  A deep elf pyromancer (D)
  A guardian serpent (D)
  4 black mambas (D)
  2 elephants (D)
  2 cane toads (D)
  A komodo dragon (D)
  A rime drake (D)
  A queen bee (D)
  8 blink frogs (D)
  2 tyrant leeches (D)
  A shadow (D)
  5 redbacks (D)
  2 nagas (D)
  A spatial vortex (D)
  8 water moccasins (D)
  3 wandering mushrooms (D)
  A swamp drake (D)
  A necrophage (D)
  5 two-headed ogres (D)
  A water elemental (D)
  A scorpion (D)
  32 killer bees (D)
  A jelly (D)
  2 orc priests (D)
  A wizard (D)
  Jessica (D)
  A necromancer (D)
  An orc wizard (D)
  A kobold demonologist (D)
  3 humans (D)
  3 adders (D)
  9 orcs (D)
  3 rats (D)
125 creatures vanquished.

Vanquished Creatures (collateral kills)
  An orc warrior (D)
  An orc priest (D)
  4 orcs (D)
6 creatures vanquished.

Vanquished Creatures (others)
  9 plants (D)
9 creatures vanquished.

Grand Total: 140 creatures vanquished

Notes
Turn   | Place    | Note
-------+----------+-------------------------------------------
     0 | D        | boopmooplesden the Minotaur Berserker began the quest for
                  | the Orb.
     0 | D        | Reached XP level 1. HP: 19/19 MP: 0/0
    11 | D        | Reached skill level 4 in Axes
    14 | D        | Noticed Jessica
    17 | D        | Killed Jessica
    17 | D        | Reached ** piety under Trog
    18 | D        | Reached skill level 5 in Fighting
    18 | D        | Reached skill level 5 in Axes
    18 | D        | Reached XP level 2. HP: 29/29 MP: 1/1
   124 | D        | Reached skill level 6 in Axes
   124 | D        | Reached XP level 3. HP: 37/37 MP: 2/2
   180 | D        | Noticed a scorpion
   186 | D        | HP: 1/37 [scorpion (7)]
   189 | D        | Killed a scorpion
   190 | D        | Reached skill level 7 in Axes
   190 | D        | Reached XP level 4. HP: 18/47 MP: 3/3
   411 | D        | Noticed a water elemental
   415 | D        | Killed a water elemental
   416 | D        | Reached skill level 8 in Axes
   416 | D        | Reached XP level 5. HP: 55/55 MP: 4/4
   468 | D        | Found a glowing silver altar of Zin.
   468 | D        | Found a glowing golden altar of the Shining One.
   468 | D        | Found a white marble altar of Elyvilon.
   470 | D        | Noticed a deep elf pyromancer
   481 | D        | Killed a deep elf pyromancer
   481 | D        | Reached *** piety under Trog
   482 | D        | Reached skill level 12 in Axes
   482 | D        | Reached skill level 5 in Armour
   482 | D        | Reached XP level 6. HP: 19/68 MP: 5/5
   482 | D        | Reached XP level 7. HP: 21/74 MP: 6/6
   710 | D        | Found a hide-covered altar of Uskayaw.
   710 | D        | Found an iron altar of Okawaru.
   710 | D        | Found a bloodstained altar of Trog.
   710 | D        | Found an ornate altar of the Wu Jian Council.
   710 | D        | Noticed a human
   710 | D        | Noticed a human
   718 | D        | Killed a human
   719 | D        | Reached skill level 13 in Axes
   719 | D        | Reached skill level 1 in Stealth
   723 | D        | Killed a human
   768 | D        | Found a basalt altar of Yredelemnul.
   768 | D        | Found a shadowy altar of Dithmenos.
   768 | D        | Found a sacrificial altar of Ru.
   770 | D        | Reached **** piety under Trog
   916 | D        | Found a radiant altar of Vehumet.
   916 | D        | Found a shimmering blue altar of Sif Muna.
   916 | D        | Found an ancient bone altar of Kikubaaqudgha.
   919 | D        | Reached skill level 14 in Axes
   919 | D        | Reached XP level 8. HP: 85/85 MP: 7/7
   965 | D        | Reached ***** piety under Trog
   973 | D        | Found a blossoming altar of Fedhas.
   973 | D        | Found a stormy altar of Qazlal.
   973 | D        | Found a snail-covered altar of Cheibriados.
   973 | D        | Found a burning altar of Makhleb.
   973 | D        | Found a shimmering altar of Xom.
   974 | D        | Found a hazy altar of Hepliaklqana.
   974 | D        | Found an opulent altar of Gozag.
   974 | D        | Found a sparkling altar of Nemelex Xobeh.
   974 | D        | Found a corrupted altar of Lugonu.
   974 | D        | Found a viscous altar of Jiyva.
   988 | D        | Received a gift from Trog
  1128 | D        | Reached skill level 15 in Axes
  1261 | D        | Noticed a two-headed ogre
  1269 | D        | Killed a two-headed ogre
  1614 | D        | Found Noiceap's General Store.
  1632 | D        | Reached XP level 9. HP: 25/96 MP: 2/8
  1633 | D        | Reached ****** piety under Trog
  1685 | D        | Bought the +1 plate armour of Makhleb's Hope {Str+3} for
                  | 454 gold pieces
  1898 | D        | Noticed a two-headed ogre
  1898 | D        | Noticed Erolcha
  1902 | D        | Killed Erolcha
  1902 | D        | Received a gift from Trog
  1903 | D        | Reached skill level 15 in Fighting
  1903 | D        | Reached skill level 16 in Axes
  1906 | D        | Killed a two-headed ogre
  1907 | D        | Reached skill level 10 in Dodging
  2165 | D        | Noticed a queen bee
  2174 | D        | Reached skill level 17 in Axes
  2178 | D        | Killed a queen bee
  2201 | D        | Received a gift from Trog
  2221 | D        | Received a gift from Trog
  2222 | D        | Reached XP level 10. HP: 70/108 MP: 9/9
  2252 | D        | Received a gift from Trog
  2268 | D        | Reached skill level 18 in Axes
  2280 | D        | Received a gift from Trog
  2678 | D        | Noticed a cane toad
  2678 | D        | Noticed a cane toad
  2680 | D        | Killed a cane toad
  2685 | D        | Killed a cane toad
  2695 | D        | Reached skill level 19 in Axes
  2757 | D        | Received a gift from Trog
  3094 | D        | Noticed a lindwurm
  3100 | D        | Killed a lindwurm
  3101 | D        | Reached skill level 10 in Armour
  3212 | D        | Noticed Urug
  3216 | D        | Killed Urug
  3217 | D        | Reached skill level 20 in Axes
  3217 | D        | Reached XP level 11. HP: 121/121 MP: 10/10
  3291 | D        | Received a gift from Trog
  3773 | D        | Noticed a dire elephant
  3773 | D        | Noticed a dire elephant
  3773 | D        | Noticed Gastronok
  3776 | D        | Reached skill level 21 in Axes
  3782 | D        | Killed a dire elephant
  3785 | D        | Killed a dire elephant
  3785 | D        | Received a gift from Trog
  3795 | D        | Killed Gastronok
  3796 | D        | Reached skill level 22 in Axes
  4057 | D        | Noticed an azure jelly
  4057 | D        | Noticed an azure jelly
  4057 | D        | Noticed an azure jelly
  4058 | D        | Noticed an azure jelly
  4060 | D        | Noticed Rupert
  4070 | D        | Killed Rupert
  4104 | D        | Noticed a death yak
  4104 | D        | Noticed a death yak
  4106 | D        | Noticed a death yak
  4111 | D        | Killed a death yak
  4111 | D        | Noticed a death yak
  4112 | D        | Reached skill level 23 in Axes
  4113 | D        | Received a gift from Trog
  4119 | D        | Killed a death yak
  4122 | D        | Killed a death yak
  4123 | D        | Reached XP level 12. HP: 134/134 MP: 11/11
  4123 | D        | Killed a death yak
  4184 | D        | Reached skill level 24 in Axes
  4494 | D        | Received a gift from Trog
  4537 | D        | Received a gift from Trog
  4663 | D        | Noticed an anaconda
  4668 | D        | Killed an anaconda
  4679 | D        | Noticed a naga warrior
  4680 | D        | Noticed a nagaraja
  4719 | D        | Received a gift from Trog
  4729 | D        | Killed a naga warrior
  4775 | D        | Killed a nagaraja
  4776 | D        | Reached skill level 25 in Axes
  4776 | D        | Reached skill level 15 in Armour
  4937 | D        | Found Mudwyen's Book Boutique.
  4937 | D        | Found Novih's Antique Weapon Emporium.
  4939 | D        | Found Jiomn's Distillery.
  4962 | D        | Got a serpentine rune of Zot
  5092 | D        | Noticed a six-headed hydra
  5092 | D        | Noticed an eight-headed hydra
  5104 | D        | Killed a three-headed hydra
  5104 | D        | Received a gift from Trog
  5111 | D        | HP: 6/137 [seven-headed hydra (13)]
  5111 | D        | Mangled by a seven-headed hydra

Illustrated notes

Levels and vault maps discovered:
D:        dungeon_sprint_mu [sprint_mu_entry_forest, sprint_mu_temple_rooms,
          sprint_mu_d1_spiders, sprint_mu_d2_genie, sprint_mu_d3_branching,
          sprint_mu_orc_legion, sprint_mu_elf_gauntlet, sprint_mu_hive_nellie,
          sprint_mu_lair_fedhas, sprint_mu_vaults_butterflies,
          sprint_mu_slime_circle, sprint_mu_swamp_cave, sprint_mu_snake_twists,
          sprint_mu_blade_basic, sprint_mu_crypt_fortress,
          sprint_mu_tomb_spiral, sprint_mu_vestibule_basic,
          sprint_mu_gehenna_hellfire, sprint_mu_dis_giant,
          sprint_mu_tartarus_statrot, sprint_mu_cocytus_islands, sprint_mu_zot1]

Skill      XL: |  1  2  3  4  5  6  7  8  9 10 11 12 |
---------------+-------------------------------------+-----
Fighting       | 5 6 7 8 11 12 14 16 18 20 21 | 21.9
Axes           | 5 6 7 8 12 14 15 17 20 23 25 | 25.2
Armour         | 3 4 5 6 7 10 13 15 | 15.3
Dodging        | 3 4 6 7 9 10 11 | 11.6
Stealth        | 1 2 3 4 |  4.0

Action                   |  1- 3 |  4- 6 |  7- 9 | 10-12 || total
-------------------------+-------+-------+-------+-------++-------
Melee: Hand axe          |    16 |     9 |    80 |       ||   105
       Headbutt          |     2 |     3 |    21 |    49 ||    75
       Punch             |       |     1 |     1 |       ||     2
       Executioner's axe |       |       |    30 |   219 ||   249
       Battleaxe         |       |       |       |     8 ||     8
Invok: Berserk           |     3 |     2 |     9 |    12 ||    26
       Brothers in Arms  |       |       |     2 |       ||     2
  Use: Potion            |     1 |       |     1 |     2 ||     4
       Scroll            |       |       |       |     1 ||     1
Armor: Animal skin       |     2 |       |       |       ||     2
       Plate armour      |       |       |    42 |   114 ||   156
Dodge: Dodged            |    10 |     1 |    89 |   147 ||   247
